 Dungeon Crawl Stone Soup version 0.27-a0-1500-g450c7e4133 (webtiles) character file.

Game seed: 912581139978843974

20013 robertstho the Thaumaturge (level 13, 0/90 HPs)
             Began as a Djinni Fire Elementalist on July 7, 2021.
             Was an Initiate of Gozag.
             Shot with an arrow by a centaur warrior (24 damage)
             ... on level 13 of the Dungeon.
             The game lasted 00:27:11 (20572 turns).

robertstho the Thaumaturge (DjFE)                  Turns: 20572, Time: 00:27:13

Health: 0/90       AC:  7    Str:  7    XL:     13   Next: 9%
Gold:   355        EV: 14    Int: 27    God:    Gozag SH:  5 Dex: 15

rFire    + + +     SeeInvis .   f - staff of fire
rCold    x . .     Faith    .   (no shield)
rNeg     . . .     Spirit   .   w - +2 robe {Will+}
rPois    ∞         Reflect  +   (no helmet)
rElec    .         Harm     .   t - +2 cloak
rCorr    +         Rampage  .   (no gloves)
Will     ++...                  (boots unavailable)
Stlth    +++.......             y - amulet of reflection
HPRegen  0.25/turn              h - ring of resist corrosion
MPRegen  0.00/turn              c - +6 ring of intelligence

@: gold aura, flying
A: sickness immunity, fire resistance 2, cold vulnerability 1, float, innate
caster, hp casting, extra vitality 1
a: Renounce Religion, Potion Petition, Call Merchant, Bribe Branch


You were on level 13 of the Dungeon.
You worshipped Gozag.
Gozag was aware of your devotion.
You visited 2 branches of the dungeon, and saw 14 of its levels.
You also visited: Bailey.

You collected 900 gold pieces.
You spent 299 gold pieces at shops.
You paid 246 gold pieces to Gozag.

Inventory:

Missiles
 H - a curare-tipped dart
Armour
 t - a +2 cloak (worn)
 w - a +2 robe of willpower (worn)
Magical Staves
 f - a staff of fire (weapon)
Jewellery
 c - a +6 ring of intelligence (right hand)
 h - a ring of resist corrosion (left hand)
 y - an amulet of reflection (around neck)
 D - an amulet of magic regeneration
Wands
 l - a wand of polymorph (26)
 n - a wand of mindburst (8)
 C - a wand of iceblast (7)
 E - a wand of flame (14)
Scrolls
 a - 5 scrolls of enchant weapon
 b - a scroll of blinking
 d - 2 scrolls of fear
 e - 2 scrolls of enchant armour
 g - a scroll of magic mapping
 j - 3 scrolls of teleportation
 o - 4 scrolls of immolation
 r - a scroll of fog {unknown}
 u - a scroll of vulnerability {unknown}
 v - a scroll of summoning
 x - a scroll of holy word {unknown}
 z - a scroll of brand weapon {unknown}
 A - 4 scrolls of identify
Potions
 i - 2 potions of might
 k - a potion of ambrosia
 m - a potion of lignification {unknown}
 p - a potion of invisibility
 q - a potion of mutation
 s - a potion of cancellation
 B - a potion of attraction {unknown}
 F - a potion of heal wounds {unknown}
 G - 2 potions of resistance {unknown}


   Skills:
 * Level 7.1 Fighting
 + Level 0.4 Staves
 + Level 4.4 Dodging
 + Level 4.5 Stealth
 * Level 14.0 Spellcasting


You had 5 spell levels left.
You knew the following spells:

 Your Spells              Type           Power      Damage    Failure   Level
a - Foxfire               Conj/Fire      100%       2x1d9     0%          1
b - Conjure Flame         Conj/Fire      97%        6-21      1%          3
c - Inner Flame           Hex/Fire       97%        N/A       1%          3
d - Sticky Flame          Conj/Fire      97%        2d11      1%          4
e - Fireball              Conj/Fire      48%        3d19      1%          5
f - Pain                  Necr           100%       1d9       0%          1
g - Slow                  Hex            76%        N/A       0%          2
h - Summon Guardian Gole  Hex/Summ       76%        N/A       1%          3
i - Leda's Liquefaction   Hex/Erth       38%        N/A       1%          4
j - Passage of Golubria   Tloc           N/A        N/A       1%          4
k - Manifold Assault      Tloc           76%        N/A       1%          5
Your spell library was empty.

Dungeon Overview and Level Annotations

Branches:
Dungeon (13/15)            Temple (1/1) D:4            Lair (0/6) D:10
    Orc (0/2) D:12         Bailey (visited)
 Vaults: D:13-14

Altars:
Cheibriados
Dithmenos
Fedhas
Gozag
Kikubaaqudgha
Makhleb
Nemelex Xobeh
Ru
Trog
Vehumet
Xom
Yredelemnul
The Shining One

Shops:
D:1 ?   D:8 ?

Annotations:
D:10 1 runed translucent door
D:13 3 runed translucent doors, DemonSlayer's ghost, journeyman HuBe


Innate Abilities, Weirdness & Mutations

You are immune to sickness and miasma.
You are immune to poison.
Your flesh is very heat resistant. (rF++)
You are vulnerable to cold. (rC-)
You float through the air rather than walking.
You learn spells naturally, not from books.
Your magical power is your life essence.
You have superior vitality. (+4 HP)


Message History

Press: ? - help, Shift-Dir - straight line, f - vampire
Aim: a vampire You feel a surge of power!
The fireball explodes!
The fireball engulfs the vampire!!!
You destroy the vampire!
The cyclops shouts!
You hear a shout!
Your Fighting skill increases to level 7!
There are monsters nearby!
A centaur warrior comes into view.
The centaur warrior wields a +0 longbow.
The centaur warrior shoots an arrow.
The arrow hits you!
The centaur warrior shoots an arrow.
The arrow hits you!!
The centaur warrior shoots an arrow.
You reflect the arrow off an invisible shield around you!
The arrow hits the centaur warrior!
The basilisk bites you.
You see here 6 gold pieces.
Casting: Fireball (mildly dangerous; 1% risk of failure)
Confirm with . or Enter, or press ? or * to list all spells.
Aiming: Fireball (mildly dangerous; 1% risk of failure)
Press: ? - help, Shift-Dir - straight line You feel a surge of power!
The fireball explodes!
The fireball engulfs the basilisk!!
The basilisk is almost dead.
The centaur warrior shoots an arrow.
The arrow closely misses you. The basilisk gazes at you.
You resist with almost no effort.
The centaur warrior shoots an arrow.
You reflect the arrow off an invisible shield around you!
The arrow barely misses the centaur warrior.
The centaur warrior shoots an arrow.
The arrow hits you!
* * * LOW HITPOINT WARNING * * *
The basilisk gazes at you. You resist with almost no effort.
The centaur warrior shoots an arrow.
You reflect the arrow off an invisible shield around you!
The arrow hits the centaur warrior!!
The cyclops is distracted by your dazzling golden aura.
The centaur warrior shoots an arrow.
The arrow hits you!!
You die...
Your body crumbles into a pile of gold.

# #. #### ### #. #.. ..#
####c##.### #.# #.........
#.# ## .#.#.....## #.# ..
......$l..#####.#### .#
.#..##.##..........#
##.###.# ##...##@.###.##.#
.......#.#.###C#..###.##.#
...# #.#..|..#..##..##.#
.# #.#.###.#..#.#.##.# ###
#.##...##..##.###.# #.###
#..##.##...##..##.#
....### ...... .#........#
......+ .... .+......)##
....### ####...##


You could see a centaur warrior, a cyclops (unaware) and a basilisk.

Vanquished Creatures
  Erolcha (D:9)
  A hydra (D:11)
  3 two-headed ogres
  An orc knight (Bailey)
  2 deep elf pyromancers
  A cyclops (D:11)
  3 manticores
  5 gargoyles (D:11)
  4 kobold demonologists
  An unseen horror (D:12)
  Psyche (D:9)
  2 komodo dragons
  2 trolls
  4 slime creatures (D:13)
  Prince Ribbit (D:6)
  A shadow (D:11)
  Sigmund (D:4)
  A vampire (D:13)
  4 wyverns
  5 yaks (D:11)
  3 wraiths
  A steam dragon (D:8)
  An acid dragon (D:10)
  3 water moccasins
  Duvessa (D:6)
  3 black bears
  9 orc warriors
  2 sky beasts
  An ice beast (D:6)
  3 necrophages
  2 ogres
  12 centaurs
  2 phantoms (D:5)
  3 bullfrogs
  5 kobold brigands
  3 gnoll sergeants
  3 scorpions
  Dowan (D:6)
  A water moccasin zombie (D:7)
  A wyvern skeleton (D:5)
  A wyvern zombie (D:6)
  A water moccasin skeleton (D:7)
  11 wights
  5 howler monkeys
  5 electric eels (Bailey)
  4 centaur zombies
  4 hounds
  2 jellies (D:7)
  Crazy Yiuf (D:6)
  7 orc priests
  3 centaur skeletons
  2 gnoll shamans
  9 orc wizards
  A bullfrog skeleton (D:5)
  2 iguanas (D:4)
  A scorpion zombie (D:5)
  2 hound skeletons
  16 gnolls
  5 adders
  A shadow imp (D:6)
  A white imp (D:7)
  An ufetubus (D:6)
  3 worms
  3 dart slugs
  32 orcs
  5 endoplasms
  2 giant cockroaches (D:3)
  17 goblins
  11 hobgoblins
  2 jackals (D:2)
  17 kobolds
  3 quokkas
  4 ball pythons
  4 frilled lizards
  5 rats
297 creatures vanquished.

Vanquished Creatures (collateral kills)
  2 foxfires
2 creatures vanquished.

Vanquished Creatures (others)
  455 foxfires
  41 plants
496 creatures vanquished.

Grand Total: 795 creatures vanquished

Notes
Turn   | Place    | Note
-------+----------+-------------------------------------------
     0 | D:1      | robertstho the Djinni Fire Elementalist began the quest for
                  | the Orb.
     0 | D:1      | Reached XP level 1. HP: 15/15 MP: 0/0
   414 | D:1      | Found a faded altar of an unknown god.
   559 | D:1      | Found Jokk's Magic Scroll Shoppe.
   566 | D:1      | Reached XP level 2. HP: 15/21 MP: 0/0
   698 | D:1      | Bought a scroll of identify for 26 gold pieces
  1071 | D:2      | Reached skill level 3 in Spellcasting
  1140 | D:2      | Reached XP level 3. HP: 18/25 MP: 0/0
  1140 | D:2      | Learned a level 1 spell: Pain
  2334 | D:3      | Found a blossoming altar of Fedhas.
  2556 | D:3      | Reached XP level 4. HP: 23/31 MP: 0/0
  3395 | D:3      | Reached skill level 4 in Spellcasting
  3470 | D:3      | Reached XP level 5. HP: 35/36 MP: 0/0
  3470 | D:3      | Learned a level 2 spell: Slow
  3876 | D:4      | Noticed Sigmund
  3882 | D:4      | Killed Sigmund
  3883 | D:4      | Reached skill level 1 in Fighting
  3883 | D:4      | Reached XP level 6. HP: 36/42 MP: 0/0
  4095 | D:4      | Noticed a necrophage
  4118 | D:4      | Killed a necrophage
  4119 | D:4      | Reached skill level 5 in Spellcasting
  4119 | D:4      | Reached XP level 7. HP: 14/47 MP: 0/0
  4119 | D:4      | Learned a level 3 spell: Summon Guardian Golem
  4639 | D:4      | Found a staircase to the Ecumenical Temple.
  4683 | D:4      | Noticed a water moccasin
  4689 | D:4      | Killed a water moccasin
  5180 | D:4      | Reached skill level 6 in Spellcasting
  5468 | D:5      | Entered Level 5 of the Dungeon
  5551 | D:5      | Reached XP level 8. HP: 34/55 MP: 0/0
  6159 | D:5      | Reached skill level 7 in Spellcasting
  6997 | D:5      | Reached XP level 9. HP: 58/61 MP: 0/0
  6997 | D:5      | Learned a level 4 spell: Leda's Liquefaction
  7408 | D:6      | Reached skill level 8 in Spellcasting
  8082 | D:6      | Found a runed translucent door.
  8083 | D:6      | Noticed Crazy Yiuf
  8138 | D:6      | Noticed Duvessa
  8140 | D:6      | Noticed Dowan
  8143 | D:6      | Killed Duvessa
  8148 | D:6      | Killed Dowan
  8787 | D:6      | Noticed Prince Ribbit
  8805 | D:6      | Killed Prince Ribbit
  8806 | D:6      | Reached skill level 9 in Spellcasting
  9112 | D:6      | Killed Crazy Yiuf
  9201 | D:7      | Noticed a two-headed ogre
  9205 | D:7      | Reached XP level 10. HP: 52/67 MP: 0/0
  9208 | D:7      | Killed a two-headed ogre
  9539 | D:7      | Reached skill level 10 in Spellcasting
 11420 | D:8      | Noticed a two-headed ogre
 11423 | D:8      | Killed a two-headed ogre
 11424 | D:8      | Reached skill level 11 in Spellcasting
 11424 | D:8      | Reached XP level 11. HP: 55/74 MP: 0/0
 11424 | D:8      | Learned a level 4 spell: Passage of Golubria
 11454 | D:8      | Found Ylusen's Magic Scroll Boutique.
 11608 | D:8      | Bought a scroll of identify for 22 gold pieces
 11608 | D:8      | Bought a scroll of enchant armour for 82 gold pieces
 11608 | D:8      | Bought a scroll of fear for 38 gold pieces
 11608 | D:8      | Bought a scroll of immolation for 38 gold pieces
 11608 | D:8      | Bought a scroll of enchant weapon for 82 gold pieces
 11608 | D:8      | Bought a scroll of noise for 11 gold pieces
 11615 | D:8      | Identified a scroll of acquirement
 11619 | D:8      | Acquired a +6 ring of intelligence
 12426 | D:9      | Noticed Psyche
 12428 | D:9      | Killed Psyche
 12429 | D:9      | Reached skill level 5 in Fighting
 12584 | D:9      | Noticed a deep elf pyromancer
 12587 | D:9      | Killed a deep elf pyromancer
 12648 | D:9      | Noticed a manticore
 12651 | D:9      | Killed a manticore
 12844 | D:9      | Noticed a two-headed ogre
 12846 | D:9      | Killed a two-headed ogre
 13028 | D:9      | Noticed Erolcha
 13030 | D:9      | Killed Erolcha
 13031 | D:9      | Reached skill level 12 in Spellcasting
 13997 | D:10     | Entered Level 10 of the Dungeon
 14022 | D:10     | Found a basalt altar of Yredelemnul.
 14406 | D:10     | Found a staircase to the Lair.
 14487 | D:10     | Found a runed translucent door.
 14488 | D:10     | Found a burning altar of Makhleb.
 14488 | D:10     | Noticed a sixfirhy
 14655 | D:10     | Found a glowing golden altar of the Shining One.
 15344 | D:11     | Noticed a cyclops
 15347 | D:11     | Killed a cyclops
 15356 | D:11     | Noticed a six-headed hydra
 15361 | D:11     | Killed a six-headed hydra
 15362 | D:11     | Reached XP level 12. HP: 53/82 MP: 0/0
 15928 | D:12     | Found a flagged portal.
 15937 | Bailey   | Entered a bailey
 16025 | Bailey   | Reached skill level 13 in Spellcasting
 16810 | Bailey   | Found an iron altar of Okawaru.
 17347 | Bailey   | Acquired an amulet of reflection
 18219 | D:12     | Found a staircase to the Orcish Mines.
 18479 | Temple   | Entered the Ecumenical Temple
 18487 | Temple   | Became a worshipper of Gozag Ym Sagoz the Greedy
 19817 | D:13     | Reached XP level 13. HP: 45/89 MP: 0/0
 19817 | D:13     | Learned a level 5 spell: Manifold Assault
 20133 | D:13     | Found a runed translucent gate.
 20134 | D:13     | Found a runed translucent gate.
 20135 | D:13     | Found a runed translucent gate.
 20137 | D:13     | Noticed DemonSlayer's ghost (journeyman HuBe)
 20178 | D:13     | Reached skill level 14 in Spellcasting
 20567 | D:13     | Noticed a centaur warrior
 20572 | D:13     | Shot with an arrow by a centaur warrior

Illustrated notes

Levels and vault maps discovered:
D:1:      mainiacjoe_arrival_reflecting_pool, layout_basic, serial_shops,
          shop_fountains, dreamdust_ecumenical_altar_statues
D:2:      layout_loops_cross, serial_glass, glass_columns_a, glass_columns_a,
          glass_columns_b, glass_columns_a, glass_columns_a,
          grunt_ministairs_10, minmay_pentomino_q4
D:3:      layout_loops_corners, mainiacjoe_overflow_chevrons,
          kennysheep_generic_room_12
D:4:      layout_loops_corners, temple_statues, uniq_sigmund
D:5:      layout_loops_ring
D:6:      layout_loops_ring, uniq_crazy_yiuf_cottage, uniq_duvessa,
          uniq_prince_ribbit1
D:7:      minmay_s_stair_smasher, layout_basic
D:8:      layout_layer_cave, serial_shops, shop, minmay_misc_feat_chi,
          serial_park_tiny_2
D:9:      layout_basic, uniq_psyche, uniq_erolcha
D:10:     layout_gridville, mainiacjoe_overflow_24_doors,
          nzn_makhleb_speed_demon, tso_altar, david_lair_shrubbed,
          minmay_crystal_room
D:11:     cheibrodos_statue_roulette, layout_long_grid
D:12:     layout_stronghold, orc_0_dummy, enter_bailey_2
D:13:     layout_loops_corners, gammafunk_ghost_necromancy, minmay_checkerbox
Temple:   eino_narrow_crystal_temple

Skill      XL: |  1  2  3  4  5  6  7  8  9 10 11 12 13 |
---------------+----------------------------------------+-----
Spellcasting   | 3 4 5 6 7 9 11 12 13 14 | 14.0
Fighting       | 1 2 3 4 5 6 7 |  7.1
Stealth        | 2 3 4 |  4.5
Dodging        | 3 4 |  4.4
Staves         | |  0.4

Action                   |  1- 3 |  4- 6 |  7- 9 | 10-12 | 13-15 || total
-------------------------+-------+-------+-------+-------+-------++-------
Melee: Staff             |       |       |    17 |     4 |       ||    21
 Cast: Foxfire           |    77 |    67 |   144 |       |       ||   288
       Sticky Flame      |       |     2 |    14 |    11 |       ||    27
       Fireball          |       |       |    24 |   202 |    11 ||   237
       Conjure Flame     |       |       |     1 |       |       ||     1
  Use: Scroll            |     1 |     3 |     1 |    12 |       ||    17
       Potion            |       |       |     1 |     3 |       ||     4
Armor: Robe              |     1 |     2 |    12 |     7 |       ||    22
Dodge: Dodged            |     4 |     8 |    59 |    22 |     2 ||    95
Block: Other             |       |       |       |       |     3 ||     3
       Reflection        |       |       |       |       |     3 ||     3

Table legend: (Time is in decaauts)
 A = Elapsed time spent in this place.
 B = Non-inter-level travel time spent in this place.
 C = Inter-level travel time spent in this place.
 D = Time resting spent in this place.
 E = Time spent auto-exploring this place.
 F = Levels seen in this place.
 G = Mean time per level.
                   A        B        C        D        E       F      G
               +--------+--------+--------+--------+--------+-----+--------+
         Total |  20582 |  19647 |    935 |   1424 |  16674 |  15 | 1372.1 |
       Dungeon |  19125 |  18199 |    926 |   1043 |  15829 |  13 | 1471.2 |
        Temple |     16 |      8 |      8 |      0 |      0 |   1 |   16.0 |
        Bailey |   1440 |   1440 |      0 |    381 |    845 |   1 | 1440.0 |
               +--------+--------+--------+--------+--------+-----+--------+

Top non-repeatable levels by time:
     D:6: 1981 daAuts
     D:5: 1795 daAuts
     D:2: 1750 daAuts
     D:7: 1712 daAuts
     D:4: 1672 daAuts
     D:9: 1607 daAuts
     D:8: 1597 daAuts
    D:12: 1585 daAuts
    D:11: 1466 daAuts
  Bailey: 1440 daAuts
     D:3: 1302 daAuts
    D:10: 1037 daAuts
     D:1: 823 daAuts
    D:13: 794 daAuts
  Temple: 16 daAuts
